Map: Fields of Death

Players

SMTM - Winner!

  • Race: Terran Terran

Tenonee - Winner!

  • Race: Zerg Zerg
  • League: Diamond

McFukitts

  • Race: Protoss Protoss
  • League: Master

HyperBolic

  • Race: Protoss Protoss
  • League: Diamond

VOD

Have the link to the VOD?

Description

Time

  • Played on: July 27, 2016, 2:54 a.m.
  • Length: 18:26
Show
View Real Time Build Order
Export as new Build Order

SMTM Terran - Winner!

Build Orders: Liberator Opening 

Get SALT Encoding   

  12  0:01  SCV  
  13  0:13  SCV  
  14  0:18  Supply Depot  
  14  0:25  SCV  
  15  0:39  SCV  
  15  0:41  Barracks  
  16  0:46  Refinery  
  16  0:52  SCV  
  17  1:08  SCV  
  18  1:28  Orbital Command  
  18  1:29  Barracks Reactor  
  18  1:45  Command Center  
  18  1:52  Supply Depot  
  18  1:56  SCV  
  19  2:06  Marine x2  
  21  2:08  SCV  
  22  2:17  Factory  
  22  2:22  SCV  
  23  2:26  Supply Depot  
  23  2:28  Refinery  
  23  2:30  Marine x2  
  23  2:37  SCV  
  26  2:50  Marine x2  
  28  2:56  SCV  
  28  2:58  Orbital Command  
  29  3:01  Factory Tech Lab  
  29  3:06  Starport  
  29  3:08  SCV  
  29  3:10  Marine  
  29  3:11  Marine  
  32  3:20  SCV  
  33  3:28  Marine, Siege Tank  
  33  3:29  Liberator, Marine  
  33  3:32  SCV  
  33  3:33  SCV  
  38  3:45  Marine  
  38  3:46  Marine  
  43  3:51  Supply Depot  
  43  3:54  SCV x2  
  45  3:58  Supply Depot  
  45  4:06  SCV x2  
  45  4:08  Siege Tank  
  50  4:15  Supply Depot  
  50  4:18  Marine x2  
  50  4:23  SCV x2  
  54  4:36  Marine x2  
  54  4:37  Supply Depot  
  56  4:39  SCV x2  
  56  4:40  Refinery  
  58  4:47  Siege Tank  
  58  4:51  SCV x2  
  62  4:53  Marine  
  62  4:54  Marine  
  62  5:08  SCV x2  
  62  5:13  Marine x2  
  61  5:19  Siege Tank  
  61  5:20  SCV x2  
  47  5:37  SCV x2  
  49  5:49  SCV x2  
  49  6:01  SCV x2  
  51  6:08  Supply Depot  
  51  6:13  SCV x2  
  52  6:25  SCV  
  52  6:26  SCV  
  52  6:31  Barracks  
  50  6:34  Barracks  
  50  6:38  SCV x2  
  49  6:50  SCV x2  
  49  6:51  Marine  
  49  6:52  Marine  
  49  6:58  Engineering Bay  
  43  7:02  SCV x2  
  40  7:09  Marine  
  36  7:17  SCV  
  30  7:45  Marine x2  
  31  7:57  SCV x2  
  33  8:09  SCV x2  
  35  8:21  SCV  
  35  8:25  SCV  
  35  8:26  Barracks Tech Lab  
  37  8:29  Barracks Tech Lab  
  37  8:33  SCV  
  38  8:37  SCV  
  39  8:45  Medivac, SCV  
  42  8:49  SCV  
  43  8:57  SCV  
  43  9:01  SCV  
  45  9:04  Combat Shields  
  45  9:05  Stimpack  
  45  9:08  Marauder x2  
  45  9:09  SCV  
  50  9:12  Marine  
  50  9:13  Marine  
  50  9:14  SCV  
  44  9:21  SCV  
  40  9:26  SCV  
  38  9:37  SCV  
  38  9:38  SCV  
  40  9:44  Siege Tank  
  40  9:45  Marine x2, Marauder x2  
  49  9:49  SCV  
  49  9:50  SCV  
  51  10:06  Starport Reactor  
  51  10:12  Terran Infantry Weapons Level 1  
  51  10:16  Engineering Bay, SCV x2  
  51  10:18  Command Center, Armory  
  53  10:28  SCV x2  
  53  10:32  Refinery  
  55  10:40  SCV x2  
  57  10:45  Marine x2, Marauder x2  
  57  10:46  Siege Tank  
  66  10:53  SCV x2  
  68  11:03  Marine x2  
  70  11:05  SCV x2  
  70  11:07  Marauder x2  
  70  11:08  Medivac  
  78  11:14  Supply Depot  
  78  11:16  Supply Depot  
  78  11:20  Medivac, SCV x2  
  78  11:22  Marine  
  78  11:23  Marine  
  84  11:28  Marine x2  
  86  11:37  Supply Depot, Orbital Command  
  86  11:38  SCV x2  
  88  11:40  Marine x2  
  88  11:45  Marine x2  
  92  11:50  SCV x2  
  94  11:58  Marine x2  
  96  12:02  SCV x2  
  96  12:03  Marine x2, SCV  
  96  12:08  Terran Infantry Armor Level 1, Terran Infantry Weapons Level 2  
  101  12:11  Supply Depot  
  101  12:14  SCV x2  
  103  12:15  SCV  
  103  12:17  Supply Depot  
  103  12:18  Marine x2  
  103  12:21  Marine x2  
  108  12:25  Medivac x2  
  108  12:26  SCV x2  
  108  12:27  SCV  
  115  12:35  Supply Depot  
  115  12:38  SCV  
  115  12:53  Marine x4  
  115  12:54  Siege Tank  
  115  12:55  Medivac x2  
  126  13:07  SCV x3  
  126  13:10  Marine, Refinery  
  126  13:11  Marine x3  
  126  13:12  Refinery  
  133  13:19  SCV x3  
  136  13:25  Medivac x2  
  136  13:26  Siege Tank  
  143  13:28  Marine x3  
  143  13:29  Marine  
  143  13:31  SCV x2  
  149  13:39  SCV  
  145  13:46  Marine x4  
  110  13:55  Barracks  
  110  13:56  Barracks  
  110  13:57  Barracks  
  110  13:58  Barracks, Siege Tank  
  107  14:04  Marine x4  
  111  14:18  Command Center, Medivac x2  
  111  14:21  Terran Infantry Armor Level 2  
  115  14:29  Terran Infantry Weapons Level 3  
  115  14:31  Siege Tank  
  118  14:36  Marine x2, Marauder x2  
  124  14:43  Command Center  
  124  14:58  Barracks Tech Lab, Barracks Reactor  
  124  15:00  Barracks Reactor  
  124  15:01  Barracks Reactor  
  124  15:02  Marine x2, Marauder x2  
  124  15:03  Siege Tank  
  133  15:07  Medivac  
  135  15:19  Marine  
  135  15:20  Marine  
  137  15:23  Marauder x2  
  138  15:30  Marauder  
  138  15:35  Siege Tank  
  143  15:37  Marine x2  
  141  15:45  Marauder  
  141  15:49  Marine x6  
  130  15:50  Marine  
  130  15:51  Marine  
  130  15:55  Marine  
  132  15:57  Marine  
  132  16:06  Medivac x2, Marauder  
  132  16:07  Marine x6, Siege Tank  
  132  16:08  Marauder  
  132  16:10  Marauder  
  132  16:11  Orbital Command  
  151  16:13  Marine  
  152  16:24  Terran Vehicle Weapons Level 1  
  148  16:29  Refinery, Orbital Command  
  148  16:30  Refinery  
  135  16:42  Marine, Marauder x2  
  135  16:43  Marine x7, Marauder  
  147  16:48  Medivac x2  
  147  16:51  Siege Tank  
  154  17:18  Medivac x2  
  154  17:22  Refinery  
  158  17:24  Refinery  
  149  17:37  Marine x6, Marauder x3  
  107  17:38  Marine x2  
  109  17:46  Siege Tank  
  109  17:48  Medivac x2  
  115  17:54  Marine x2  
  115  17:55  Marine x6  
  115  17:58  Marauder x3  
Show
View Real Time Build Order
Export as new Build Order

Tenonee Zerg - Winner!

Build Orders: Hatch First 

Get SALT Encoding   

  12  0:01  Drone  
  13  0:13  Overlord  
  13  0:18  Drone  
  14  0:31  Drone x2  
  14  0:35  Drone  
  18  0:50  Drone  
  18  0:59  Hatchery  
  18  1:00  Drone  
  18  1:04  Extractor  
  17  1:19  Spawning Pool  
  17  1:22  Drone x2  
  18  1:30  Overlord  
  18  1:49  Drone  
  19  2:05  Zergling x2  
  19  2:06  Zergling x2  
  21  2:10  Metabolic Boost  
  21  2:11  Queen x2  
  25  2:26  Drone x4  
  29  2:34  Drone x2  
  31  2:44  Overlord  
  31  2:56  Queen x2  
  35  3:06  Drone x2  
  35  3:07  Drone  
  35  3:12  Roach Warren  
  37  3:15  Drone  
  37  3:29  Drone x4  
  37  3:30  Drone  
  37  3:33  Overlord  
  42  3:51  Drone x2  
  42  3:53  Spore Crawler  
  42  3:55  Drone x3, Spore Crawler  
  45  3:58  Drone x2  
  45  3:59  Drone  
  45  4:00  Drone x3  
  45  4:02  Extractor  
  50  4:04  Extractor  
  50  4:06  Extractor  
  48  4:10  Zergling x4  
  50  4:22  Roach  
  51  4:25  Overlord x2  
  51  4:38  Overlord x2  
  51  4:46  Roach x2  
  51  4:47  Roach x4  
  51  4:50  Lair  
  63  5:15  Spore Crawler  
  58  5:39  Roach x4  
  58  5:40  Roach x2  
  68  5:45  Overlord  
  68  5:46  Overlord x3  
  68  6:08  Glial Reconstitution  
  68  6:13  Hatchery  
  66  6:21  Roach x3  
  66  6:25  Overseer x2  
  62  7:21  Roach  
  62  7:22  Roach x2  
  62  7:35  Roach  
  62  7:36  Roach  
  58  7:52  Roach x4  
  66  7:59  Drone x2  
  58  8:20  Roach x4  
  58  8:21  Roach  
  68  8:35  Roach x6  
  68  8:36  Roach  
  82  8:42  Evolution Chamber  
  82  8:48  Drone x2  
  82  8:53  Ravager x5  
  82  8:54  Ravager x2  
  87  9:11  Zerg Ground Armor Level 1  
  87  9:25  Roach x5  
  87  9:26  Roach x2  
  100  9:36  Overlord x2  
  87  9:49  Roach x2  
  87  9:50  Roach  
  85  10:23  Hatchery  
  84  10:29  Drone  
  84  10:30  Drone x2  
  84  10:34  Hydralisk Den  
  84  11:05  Muscular Augments  
  84  11:09  Overlord  
  82  11:24  Hydralisk x6  
  92  11:32  Pneumatized Carapace  
  92  11:45  Drone x3  
  92  11:46  Drone  
  94  11:58  Drone  
  94  11:59  Drone x3  
  98  12:10  Drone x4  
  100  12:34  Spawning Pool  
  99  12:41  Evolution Chamber  
  98  12:46  Drone x2  
  100  12:53  Drone  
  100  12:54  Drone x2  
  103  12:59  Overlord  
  103  13:00  Overlord x2  
  103  13:26  Queen  
  103  13:28  Drone x2  
  103  13:31  Extractor x2  
  103  13:46  Hatchery  
  102  13:50  Hydralisk  
  102  13:51  Hydralisk x8  
  104  14:12  Drone x2  
  106  14:18  Hydralisk x4  
  106  14:19  Hydralisk x3  
  104  14:42  Drone x3  
  104  14:43  Drone x6  
  104  14:44  Drone  
  98  15:11  Hydralisk x3  
  98  15:12  Hydralisk x4  
  98  15:13  Hydralisk x4  
  118  15:20  Lurker Den  
  118  15:25  Queen  
  118  15:27  Drone  
  121  15:30  Overlord x2  
  121  15:34  Drone x3  
  124  15:43  Drone x3  
  124  15:46  Hydralisk x4  
  131  16:03  Roach Warren  
  130  16:05  Infestation Pit  
  129  16:17  Drone x2  
  129  16:18  Overlord x4  
  131  16:31  Extractor, Zergling x2  
  131  16:32  Zergling x2  
  132  16:33  Extractor  
  131  16:47  Lurker  
  131  16:48  Lurker x7  
  131  16:54  Hydralisk x2, Roach  
  141  16:55  Hydralisk x5, Roach x5  
  141  16:56  Hydralisk x2, Roach x4  
  141  16:57  Roach x2  
  144  17:11  Hydralisk x4, Roach x2  
  144  17:12  Roach x3  
  142  17:26  Lurker x5  
  139  17:37  Hydralisk  
  139  17:38  Hydralisk x3, Roach x3  
  139  17:39  Roach  
  143  17:51  Roach x4  
  145  17:52  Roach x2  
Show
View Real Time Build Order
Export as new Build Order

McFukitts Protoss 

Build Orders: Dark Templar Rush 

Get SALT Encoding   

  12  0:01  Probe (Chrono Boost)  
  13  0:13  Probe (Chrono Boost)  
  14  0:23  Pylon  
  14  0:30  Probe (Chrono Boost)  
  15  0:43  Probe (Chrono Boost), Gateway  
  16  0:51  Assimilator  
  16  0:56  Probe (Chrono Boost), Assimilator  
  17  1:12  Probe (Chrono Boost)  
  18  1:23  Probe (Chrono Boost)  
  19  1:30  Cybernetics Core  
  19  1:33  Probe (Chrono Boost)  
  19  1:38  Pylon  
  20  1:44  Probe (Chrono Boost)  
  21  1:54  Probe (Chrono Boost)  
  22  2:05  Probe (Chrono Boost)  
  22  2:07  Warp Gate  
  23  2:18  Pylon  
  23  2:19  Stalker  
  25  2:30  Twilight Council  
  25  2:52  Gateway  
  25  2:53  Gateway  
  26  2:59  Probe (Chrono Boost)  
  26  3:10  Dark Shrine  
  26  3:14  Gateway  
  26  3:30  Pylon  
  24  4:16  Adept x4  
  32  4:19  Pylon  
  32  4:34  Nexus  
  32  4:39  Dark Templar x3  
  32  4:41  Pylon  
  38  4:49  Dark Templar  
  40  5:09  Probe (Chrono Boost)  
  42  5:21  Probe (Chrono Boost)  
  42  5:26  Stalker x3  
  48  5:33  Probe (Chrono Boost)  
  41  5:45  Probe (Chrono Boost)  
  41  5:49  Stalker x2  
  40  5:50  Stalker  
  43  5:57  Probe (Chrono Boost)  
  43  6:01  Dark Templar  
  43  6:23  Dark Templar x2  
  47  6:30  Probe (Chrono Boost)  
  47  6:31  Probe (Chrono Boost)  
  47  6:45  Dark Templar  
  49  6:54  Probe (Chrono Boost)  
  49  6:55  Probe (Chrono Boost)  
  49  6:56  Assimilator  
  49  7:00  Assimilator  
  47  7:03  Pylon  
  47  7:04  Probe (Chrono Boost)  
  47  7:05  Pylon  
  47  7:07  Probe (Chrono Boost), Stalker x2  
  53  7:15  Probe (Chrono Boost)  
  54  7:18  Pylon  
  54  7:19  Probe (Chrono Boost)  
  55  7:25  Probe (Chrono Boost)  
  54  7:31  Probe (Chrono Boost)  
  54  7:36  Probe (Chrono Boost)  
  54  7:44  Probe (Chrono Boost)  
  55  7:46  Probe (Chrono Boost), Stalker x2  
  55  7:47  Stalker x2  
  64  7:56  Probe (Chrono Boost), Gateway  
  64  7:57  Probe (Chrono Boost), Gateway  
  66  8:07  Probe (Chrono Boost)  
  66  8:08  Probe (Chrono Boost)  
  66  8:17  Pylon  
  66  8:20  Stalker x2  
  66  8:21  Stalker x2  
  74  8:27  Blink  
  74  8:37  Probe (Chrono Boost)  
  74  8:38  Probe (Chrono Boost)  
  76  8:42  Pylon  
  76  8:47  Stalker x3  
  76  8:48  Stalker  
  83  8:59  Stalker  
  85  9:04  Pylon  
  85  9:08  Pylon  
  85  9:11  Pylon  
  75  9:21  Dark Templar x3  
  75  9:28  Zealot x3  
  81  9:37  Robotics Facility  
  81  9:39  Probe (Chrono Boost)  
  81  9:40  Probe (Chrono Boost)  
  55  10:05  Probe (Chrono Boost), Nexus  
  56  10:07  Pylon  
  56  10:09  Dark Templar  
  56  10:24  Pylon  
  56  10:30  Stalker x5  
  68  10:37  Mothership Core (Chrono Boost)  
  68  10:39  Probe (Chrono Boost)  
  69  10:49  Probe (Chrono Boost)  
  70  10:57  Probe (Chrono Boost)  
  69  11:00  Probe (Chrono Boost), Stalker x3  
  69  11:01  Stalker  
  78  11:18  Sentry x2  
  82  11:26  Warp Prism  
  82  11:30  Stalker  
  82  11:31  Stalker x2  
  82  11:32  Stalker  
  92  11:35  Probe (Chrono Boost)  
  92  11:37  Assimilator  
  92  11:39  Assimilator  
  93  11:49  Stalker x2  
  97  11:57  Probe (Chrono Boost)  
  98  12:03  Observer  
  98  12:07  Forge  
  99  12:10  Forge  
  93  12:41  Protoss Ground Weapons Level 1  
  93  12:43  Protoss Ground Armor Level 1  
  91  12:50  Nexus  
  91  12:51  Pylon  
  89  12:54  Pylon  
  89  12:56  Assimilator  
  89  13:01  Assimilator  
  89  13:03  Twilight Council  
  89  13:07  Templar Archives  
  89  13:10  Immortal  
  89  13:11  Gateway  
  89  13:12  Gateway  
  93  13:13  Gateway  
  88  13:35  Stalker x2  
  88  13:36  Stalker x2  
  88  13:37  Stalker x2  
  76  13:57  Psionic Storm  
  76  14:00  Dark Templar x4  
  76  14:01  Stalker x2  
  86  14:23  High Templar x2, Assimilator  
  86  14:24  High Templar x2  
  92  14:25  High Templar  
  92  14:26  Nexus  
  92  14:28  Pylon  
  92  14:29  Probe x3 (Chrono Boost)  
  92  14:31  Pylon  
  99  14:35  Archon x2  
  99  14:39  Stalker x3, Pylon  
  99  14:40  Stalker  
  99  14:41  Pylon  
  106  15:00  Protoss Ground Weapons Level 2  
  106  15:06  Stalker x5  
  106  15:07  Stalker x2  
  120  15:26  Stalker  
  120  15:27  Stalker  
  124  15:32  Immortal  
  128  15:45  Dark Templar  
  128  15:47  Dark Templar  
  124  16:00  Stalker x3  
  124  16:01  Stalker  
  132  16:05  Archon  
  132  16:11  Warp Prism  
  134  16:19  Robotics Facility  
  134  16:24  Stalker x3  
  130  16:42  Stalker x2  
  134  16:47  Immortal  
  134  16:52  Stalker x4  
  134  16:53  Stalker  
  134  16:54  Stalker  
  150  17:21  High Templar x2  
  150  17:22  Stalker  
  90  17:50  Stalker x3  
  90  17:51  Stalker x2  
  84  17:52  High Templar x2  
Show
View Real Time Build Order
Export as new Build Order

HyperBolic Protoss 

Build Orders: Mass Adepts 

Get SALT Encoding   

  12  0:01  Probe (Chrono Boost)  
  13  0:12  Probe (Chrono Boost)  
  14  0:17  Pylon  
  14  0:23  Probe (Chrono Boost)  
  16  0:35  Probe (Chrono Boost)  
  16  0:39  Gateway  
  16  0:44  Assimilator  
  16  0:47  Probe (Chrono Boost)  
  17  0:54  Assimilator  
  17  0:58  Probe (Chrono Boost)  
  18  1:11  Probe (Chrono Boost), Gateway  
  19  1:22  Probe (Chrono Boost)  
  19  1:25  Pylon  
  20  1:31  Cybernetics Core  
  20  1:34  Probe (Chrono Boost)  
  21  1:43  Pylon  
  21  1:46  Probe (Chrono Boost)  
  22  1:57  Warp Gate  
  22  2:08  Adept x2  
  26  2:12  Mothership Core (Chrono Boost)  
  28  2:22  Gateway  
  28  2:31  Probe (Chrono Boost)  
  29  2:40  Gateway  
  29  2:49  Adept  
  31  2:56  Pylon  
  31  3:06  Pylon  
  31  3:38  Gateway  
  31  3:40  Pylon  
  27  4:01  Adept  
  27  4:02  Adept x3  
  35  4:08  Stargate  
  35  4:23  Adept x4  
  43  4:49  Adept x3  
  43  4:50  Adept  
  43  4:51  Adept  
  41  5:28  Nexus  
  37  5:40  Adept x3  
  37  5:41  Oracle  
  46  6:14  Adept x4  
  54  6:45  Void Ray  
  44  6:55  Probe (Chrono Boost)  
  44  6:56  Probe (Chrono Boost)  
  44  6:57  Pylon  
  46  7:08  Adept x3  
  52  7:12  Probe (Chrono Boost)  
  52  7:14  Probe (Chrono Boost)  
  50  7:48  Void Ray  
  50  7:52  Probe (Chrono Boost)  
  50  7:54  Probe (Chrono Boost)  
  50  7:55  Protoss Air Weapons Level 1  
  56  7:59  Assimilator  
  54  8:15  Adept x4  
  54  8:16  Adept  
  54  8:18  Probe (Chrono Boost)  
  54  8:19  Probe (Chrono Boost)  
  66  8:28  Void Ray  
  70  8:40  Probe (Chrono Boost)  
  72  8:41  Probe (Chrono Boost)  
  72  8:42  Pylon  
  72  9:08  Probe (Chrono Boost)  
  72  9:09  Probe (Chrono Boost)  
  68  9:28  Void Ray  
  68  9:30  Adept x5  
  82  9:38  Stargate  
  78  10:05  Void Ray  
  82  10:17  Probe (Chrono Boost)  
  82  10:19  Probe (Chrono Boost)  
  82  10:20  Assimilator  
  84  10:23  Pylon  
  84  10:25  Pylon  
  84  10:27  Pylon  
  84  10:34  Pylon  
  84  10:39  Forge x2  
  84  10:41  Twilight Council  
  84  10:45  Pylon  
  84  10:52  Adept x4  
  91  11:06  Probe (Chrono Boost)  
  91  11:07  Probe (Chrono Boost)  
  93  11:16  Probe (Chrono Boost)  
  95  11:19  Probe (Chrono Boost)  
  95  11:27  Probe (Chrono Boost)  
  95  11:30  Nexus  
  95  11:31  Probe (Chrono Boost)  
  97  11:34  Void Ray  
  97  11:35  Void Ray  
  105  12:00  Probe (Chrono Boost)  
  107  12:01  Probe (Chrono Boost)  
  107  12:04  Pylon  
  107  12:06  Protoss Ground Armor Level 1, Protoss Ground Weapons Level 1, Pylon  
  107  12:08  Pylon  
  107  12:09  Resonating Glaives  
  107  12:11  Assimilator  
  97  12:34  Probe (Chrono Boost)  
  97  12:35  Probe (Chrono Boost)  
  97  12:48  Probe (Chrono Boost)  
  84  12:55  Stalker x3  
  84  12:56  Stalker x2  
  90  13:00  Void Ray  
  90  13:01  Void Ray  
  98  13:14  Dark Shrine  
  98  13:27  Adept x2  
  98  13:28  Adept x2  
  88  13:53  Stalker x5  
  82  14:13  Void Ray x2  
  90  14:23  Protoss Ground Weapons Level 2, Protoss Ground Armor Level 2  
  90  14:32  Blink  
  88  14:49  Adept  
  88  14:50  Adept x4  
  98  15:11  Assimilator  
  98  15:17  Gateway, Nexus  
  98  15:18  Gateway  
  96  15:29  Adept x5  
  78  15:50  Stalker  
  78  15:51  Stalker x4  
  50  16:27  Stalker x2  
  50  16:28  Stalker x3  
  62  16:34  Probe x2 (Chrono Boost)  
  62  16:37  Assimilator  
  60  16:51  Stalker x5  
  70  16:58  Probe (Chrono Boost)  
  70  17:00  Probe x2 (Chrono Boost)  
  71  17:35  Stalker  
  71  17:36  Stalker x3  
  63  17:54  Pylon  
  63  17:55  Pylon  
  63  17:56  Pylon  
  63  17:58  Pylon  
Tags
 
Add a new tag
Caveats
  • Supply blocks, unpowered buildings, or Contaminate may cause inaccurate times.
  • Supply counts are checked every 10 seconds.